[Event "WCCC U10 2019"]
[Site "Weifang"]
[Date "2019.08.31"]
[Round "10.3"]
[White "Efimov, Leonid"]
[Black "Bharadia Yash"]
[Result "0-1"]
[ECO "A07"]
[WhiteElo "1773"]
[BlackElo "1963"]
[Annotator "NA"]
[PlyCount "82"]
[EventDate "2019.08.21"]
[EventType "swiss"]
[EventCountry "CHN"]
[SourceTitle "playchess.com"]
[Source "ChessBase"]
[SourceQuality "1"]
[TimeControl "40/5400+30:1800+30"]

1. Nf3 d5 2. g3 Nf6 3. Bg2 Bg4 4. O-O Nbd7 5. d3 g6 6. h3 Bxf3 7. Bxf3 Bg7 8. e4 dxe4 9. dxe4 e5 10. Nd2 O-O 11. Qe2 c6 12. Rd1 $14 Qc7 13. Nc4 b5 14. Nd2 Nc5 15. Nb3 Ne6 16. a4 a6 17. Be3 Rfe8 18. Nc5 Nd4 19. Bxd4 exd4 20. axb5 axb5 21. Rxa8 Rxa8 22. Nb3 Rd8 23. Nxd4 Nd7 24. c3 Ne5 25. Bg2 Qd7 26. Ra1 Nc4 27. b3 Bxd4 28. cxd4 Qxd4 29. Rc1 Ne5 30. g4 Qd6 31. Bf1 g5 32. Qe3 Qf6 33. Be2 h6 34. Qb6 Rd2 35. Qe3 Qf4 36. Rc3 b4 37. Qxf4 gxf4 38. Rc5 Nd7 39. Rxc6 Rxe2 40. Rxh6 Rb2 41. Rd6 Nc5 0-1

[Event "WCCC U10 2019"]
[Site "Weifang"]
[Date "2019.08.31"]
[Round "10.4"]
[White "Han, Johnathan"]
[Black "Materia, Marco"]
[Result "0-1"]
[ECO "C55"]
[WhiteElo "1579"]
[BlackElo "2236"]
[Annotator "NA"]
[PlyCount "62"]
[EventDate "2019.08.21"]
[EventType "swiss"]
[EventCountry "CHN"]
[SourceTitle "playchess.com"]
[Source "ChessBase"]
[SourceQuality "1"]
[TimeControl "40/5400+30:1800+30"]

1. e4 e5 2. Nf3 Nc6 3. Bc4 Nf6 4. d3 h6 5. O-O d6 6. a4 g6 {[%emt 0:01:05] C55: Two Knights: 4 d3, 4 d4 exd4 5 e5 and Max Lange Attack} (6... g5 7. Nc3 Bg7 8. a5 a6 9. Nd5 O-O 10. Ne3 Ne7 11. h4 g4 12. Nh2 h5 13. g3 c6 14. f3 {1-0 (33) Svidler,P (2737)-Matlakov,M (2700) St Petersburg 2018}) 7. Nbd2 Bg7 8. Re1 O-O 9. Ba2 Nb4 $146 ({Predecessor:} 9... Kh7 10. Nc4 Nh5 11. Ne3 Nf4 12. Nd5 Nxd5 13. exd5 Ne7 14. d4 exd4 15. Nxd4 {0-1 (49) Pitcher,J (2246)-Wall,G (2333) Daventry 2013}) 10. Bc4 c5 11. c3 Nc6 12. Ba2 Kh8 13. Nc4 Be6 14. Bd2 a6 15. b4 b5 16. Ne3 cxb4 17. cxb4 Rc8 18. Bxe6 fxe6 19. axb5 axb5 20. Ra6 Nh5 21. Nf1 Nf4 22. Bxf4 Rxf4 23. g3 Rf7 24. Ne3 Nxb4 25. Ra3 Qf6 26. Nh4 $2 (26. Kg2) 26... Qxf2+ 27. Kh1 Nc2 $19 28. Re2 Nxe3 29. Rxf2 Rxf2 30. Nxg6+ Kh7 31. Qe1 Rf1+ 0-1

[Event "WCCC U10 2019"]
[Site "Weifang"]
[Date "2019.08.31"]
[Round "10.5"]
[White "Meng, Yihan"]
[Black "Sodbileg, Uranjargal"]
[Result "1-0"]
[ECO "C54"]
[WhiteElo "1793"]
[BlackElo "1419"]
[Annotator "NA"]
[PlyCount "147"]
[EventDate "2019.08.21"]
[EventType "swiss"]
[EventCountry "CHN"]
[SourceTitle "playchess.com"]
[Source "ChessBase"]
[SourceQuality "1"]
[TimeControl "40/5400+30:1800+30"]

1. e4 e5 2. Nf3 Nc6 3. Bc4 Bc5 4. c3 Nf6 5. d3 d6 6. O-O O-O 7. Re1 a6 8. Bb3 Ba7 9. h3 h6 10. Nbd2 Ne7 11. Nf1 Ng6 12. d4 c6 13. Ng3 Qc7 14. Be3 Kh7 15. Qd2 Re8 16. dxe5 dxe5 17. Bxa7 Rxa7 18. Rad1 c5 19. Qd6 b5 20. Re2 c4 21. Qxc7 Rxc7 22. Bc2 Nf4 23. Red2 g6 24. Rd6 Kg7 25. Kf1 Ree7 26. R6d2 Bb7 27. Ng1 Nd7 28. N3e2 Ne6 29. f3 Ndc5 30. Ng3 Nf4 31. N1e2 Nfd3 32. Bxd3 Nxd3 33. Nc1 Nc5 34. Kf2 a5 35. Ke2 b4 36. Nf1 Na4 37. Rc2 Ba6 38. Kf2 Rb7 39. Rd5 b3 40. axb3 cxb3 41. Rcd2 Nb6 42. Rxa5 Bxf1 43. Kxf1 Nc4 44. Rad5 Nxd2+ 45. Rxd2 Re6 46. Ke2 Ra6 47. Nd3 Ra5 48. Rd1 Ra2 49. Rb1 Kf6 50. c4 Rc7 51. c5 Ke6 52. Kd2 Rd7 53. Kc3 Ra8 54. Nb4 Rc8 55. c6 Rd4 56. Ra1 f5 57. exf5+ gxf5 58. Ra7 Rb8 59. Rb7 Rc8 60. Kxb3 e4 61. fxe4 fxe4 62. Kc3 Rd6 63. Rh7 Kf5 64. Rf7+ Kg5 65. g3 Re6 66. Kd2 e3+ 67. Ke2 Re4 68. Nd5 Kg6 69. Rd7 Rce8 70. c7 Kf5 71. Rd8 R8e6 72. c8=Q Ke5 73. Nc3 Rb4 74. Qc5+ {[%emt 0:00:08] Kd5} 1-0

[Event "WCCC U10 2019"]
[Site "Weifang"]
[Date "2019.08.31"]
[Round "10.6"]
[White "Chennareddy, Yuvraj"]
[Black "Lu, Miaoyi"]
[Result "1/2-1/2"]
[ECO "B19"]
[WhiteElo "1727"]
[BlackElo "1950"]
[Annotator "NA"]
[PlyCount "112"]
[EventDate "2019.08.21"]
[EventType "swiss"]
[EventCountry "CHN"]
[SourceTitle "playchess.com"]
[Source "ChessBase"]
[SourceQuality "1"]
[TimeControl "40/5400+30:1800+30"]

1. e4 c6 2. d4 d5 3. Nc3 dxe4 4. Nxe4 Bf5 5. Ng3 Bg6 $1 6. h4 h6 7. Nf3 Nd7 8. h5 Bh7 9. Bd3 Bxd3 10. Qxd3 e6 11. Bd2 ({Predecessor:} 11. c3 Ngf6 {0-1 (39) Yip,C (1781)-Jacobson,A (1936) ICC INT 2014}) 11... Ngf6 12. c3 $146 {[%emt 0:00:37] B19: Classical Caro-Kann: 4...Bf5 main line} (12. O-O-O a5 13. Nf1 a4 14. Ne3 Be7 15. g4 Nd5 16. c4 Nxe3 17. Bxe3 Qa5 18. Qc2 O-O-O 19. Kb1 Kb8 20. Bf4+ {½-½ (53) Anand,V (2773)-Karjakin,S (2753) Kolkata 2018}) 12... Be7 13. O-O-O O-O 14. Ne4 Nxe4 15. Qxe4 Nf6 16. Qe2 Qd5 17. c4 Qe4 18. Be3 Ng4 19. Nd2 Qf5 20. Qf3 Qxf3 21. gxf3 Nf6 22. Nb3 b5 23. Na5 Rac8 24. b3 bxc4 25. bxc4 c5 26. d5 exd5 27. cxd5 Bd6 28. Nb7 Ne8 $14 29. Kd2 Rc7 30. Rb1 Rd7 31. Rhd1 Nf6 32. Ke2 Rb8 33. Nxd6 Rxb1 34. Rxb1 Rxd6 35. Bxc5 Rxd5 36. Bxa7 Ra5 37. Rb8+ Kh7 38. Rb7 Rxa2+ 39. Kf1 Nxh5 40. Rxf7 Nf4 41. Bd4 Ne6 42. Be3 Kg6 43. Rb7 Kf6 44. Kg2 g5 45. Rb6 Ra4 46. Kg3 Rc4 47. f4 gxf4+ 48. Bxf4 Rxf4 49. Rxe6+ Kxe6 50. Kxf4 Kf6 51. Kg4 Kg6 52. f3 Kf6 53. f4 Kg6 54. f5+ Kf6 55. Kh5 Kxf5 56. Kxh6 Ke5 1/2-1/2

[Event "WCCC U10 2019"]
[Site "Weifang"]
[Date "2019.08.31"]
[Round "10.7"]
[White "Movahed, Sina"]
[Black "Mamedov, Edgar"]
[Result "0-1"]
[ECO "B01"]
[WhiteElo "1885"]
[BlackElo "1714"]
[Annotator "NA"]
[PlyCount "78"]
[EventDate "2019.08.21"]
[EventType "swiss"]
[EventCountry "CHN"]
[SourceTitle "playchess.com"]
[Source "ChessBase"]
[SourceQuality "1"]
[TimeControl "40/5400+30:1800+30"]

1. e4 d5 2. exd5 Qxd5 3. Nf3 Nf6 4. Be2 Nc6 5. Nc3 Qa5 6. O-O Bg4 7. h3 h5 8. a3 O-O-O 9. b4 Qf5 10. hxg4 hxg4 11. Nh2 e6 $19 ({And not} 11... Qh7 12. Bxg4+ Nxg4 13. Qxg4+ $16) 12. Bxg4 Qg6 13. d3 Bd6 14. f4 Rxh2 15. Bxe6+ fxe6 16. Kxh2 Ng4+ 17. Kg1 Qh5 18. Rf2 Qh2+ 19. Kf1 Qh1+ 20. Ke2 Nd4+ 21. Kd2 Nxf2 22. Qxh1 Nxh1 23. Ne4 Bxf4+ 24. Kd1 e5 25. Bxf4 exf4 26. c3 Nf5 27. Ke2 Nhg3+ 28. Kf3 Nxe4 29. dxe4 Nh4+ 30. Kxf4 Nxg2+ 31. Kg5 Ne3 32. Re1 Nc4 33. Kg6 Rd3 34. e5 Kd7 35. Re4 Rxc3 36. Kf7 Rf3+ 37. Kxg7 Nxa3 38. Rd4+ Ke7 39. Rh4 Rg3+ 0-1

[Event "WCCC U10 2019"]
[Site "Weifang"]
[Date "2019.08.31"]
[Round "10.8"]
[White "Xie, Bryan"]
[Black "Wongso, Steve"]
[Result "1/2-1/2"]
[ECO "C56"]
[WhiteElo "1696"]
[BlackElo "1765"]
[Annotator "NA"]
[PlyCount "98"]
[EventDate "2019.08.21"]
[EventType "swiss"]
[EventCountry "CHN"]
[SourceTitle "playchess.com"]
[Source "ChessBase"]
[SourceQuality "1"]
[TimeControl "40/5400+30:1800+30"]

1. e4 e5 2. Nf3 Nc6 3. d4 exd4 4. Bc4 Nf6 5. e5 Ng4 6. O-O d6 7. exd6 Bxd6 8. Re1+ Kf8 9. Nbd2 Nge5 10. Nxe5 Nxe5 11. Bb3 Qh4 12. h3 Bf5 13. Nf3 Qh5 14. Nxd4 Qxd1 15. Rxd1 Bd7 16. Be3 Ke7 17. c3 Rhe8 18. Bc2 g6 19. b3 f5 20. f4 Nf7 21. Kf2 Kf8 22. Re1 Re7 23. g3 Rae8 24. Bd2 c5 25. Rxe7 Bxe7 26. Nf3 Bf6 27. Re1 Bc6 28. Rxe8+ Kxe8 29. Ke3 Ke7 30. g4 Ke6 31. b4 Bxf3 32. Kxf3 c4 33. a4 a6 34. Be1 Nd6 35. Ke3 Kd5 36. Bd1 b5 37. Bf3+ Ne4 38. a5 Bg7 39. Bg2 Bf6 40. h4 h5 41. gxf5 gxf5 42. Bf3 Bg7 43. Bh1 Bf6 44. Bg2 Bg7 45. Bf3 Bf6 46. Bg2 Bg7 47. Bf3 Bf6 48. Bh1 Ke6 49. Bf3 Kd5 {[%emt 0:00:02] Kxe4+ Ke5+} 1/2-1/2

[Event "WCCC U10 2019"]
[Site "Weifang"]
[Date "2019.08.31"]
[Round "10.9"]
[White "Tenuunbold, Battulga"]
[Black "Hvozdz, Aliaksandr"]
[Result "1-0"]
[ECO "A59"]
[WhiteElo "1754"]
[BlackElo "1699"]
[Annotator "NA"]
[PlyCount "117"]
[EventDate "2019.08.21"]
[EventType "swiss"]
[EventCountry "CHN"]
[SourceTitle "playchess.com"]
[Source "ChessBase"]
[SourceQuality "1"]
[TimeControl "40/5400+30:1800+30"]

1. d4 Nf6 2. c4 c5 3. d5 b5 4. cxb5 a6 5. bxa6 g6 6. Nc3 Bxa6 7. e4 Bxf1 8. Kxf1 d6 9. g3 Bg7 10. Kg2 O-O 11. Nf3 Nbd7 12. a4 Ne8 13. Qc2 Qb6 14. Bd2 Nc7 15. Rab1 c4 16. Be3 Qb4 17. Rhc1 Rfc8 18. Bd2 Bxc3 19. Bxc3 Qxa4 20. Qd2 Nb5 21. Qg5 Nxc3 22. bxc3 f6 23. Qg4 Nc5 24. Nd4 Qa2 25. Nc6 Rc7 26. Nb4 Qa4 27. Rc2 Qd7 28. Qe2 Nb3 29. Nc6 Rxc6 30. dxc6 Qxc6 31. Rd1 Ra5 32. Qf3 Re5 33. Rd5 Nc5 34. Rxe5 fxe5 35. Re2 Nd3 36. Qg4 Kf7 37. Qh4 h5 38. Re3 Qd7 39. h3 Qe6 40. Re2 Nc5 41. Qg5 Qf6 42. Qe3 h4 43. Ra2 Qe6 44. Ra8 Kg7 45. Qf3 Qf6 46. gxh4 Kf7 47. Qxf6+ Kxf6 48. Kf3 e6 49. Rc8 Nb3 50. Rc6 Ke7 51. Ke2 Nc5 52. Rxc5 dxc5 53. Kf3 Kf7 54. Kg4 Kf6 55. f3 Kg7 56. Kg5 Kf7 57. h5 gxh5 58. Kxh5 Kg7 59. Kg5 1-0

[Event "WCCC U10 2019"]
[Site "Weifang"]
[Date "2019.08.31"]
[Round "10.10"]
[White "Huang, Yuhang"]
[Black "Mayank Chakraborty"]
[Result "0-1"]
[ECO "B66"]
[WhiteElo "1364"]
[BlackElo "1731"]
[Annotator "NA"]
[PlyCount "138"]
[EventDate "2019.08.21"]
[EventType "swiss"]
[EventCountry "CHN"]
[SourceTitle "playchess.com"]
[Source "ChessBase"]
[SourceQuality "1"]
[TimeControl "40/5400+30:1800+30"]

1. e4 c5 2. Nf3 d6 3. d4 cxd4 4. Nxd4 Nf6 5. Nc3 Nc6 6. Bg5 e6 7. Qd2 a6 8. O-O-O Bd7 9. f3 b5 10. Kb1 h6 11. Be3 Qc7 12. g4 b4 13. Nce2 d5 14. Nxc6 Bxc6 15. e5 Nd7 16. Nd4 Nxe5 17. Nxc6 Qxc6 18. Qg2 Nc4 19. Bxc4 Qxc4 20. Bd4 O-O-O 21. b3 Qc6 22. Rc1 Kb7 23. c3 Qb5 24. Rc2 Rc8 25. Rhc1 bxc3 26. Bxc3 Qd3 27. Kb2 d4 28. f4+ Kb8 29. Ba5 Rxc2+ 30. Rxc2 Qb5 31. Bc7+ Ka7 32. Be5 Bc5 33. Qe4 Rd8 34. Bxg7 d3 35. Rd2 Ba3+ 36. Kb1 Qc5 37. Qh1 Bb4 38. Rd1 Qc2+ 39. Ka1 d2 40. Qg1+ Bc5 41. Qf1 Rg8 42. Be5 Rxg4 43. Qh1 Qxd1+ 44. Qxd1 Rg1 45. Kb2 Rxd1 46. Kc2 Rh1 47. Kxd2 Rxh2+ 48. Kd3 Rxa2 49. Kc4 Rc2+ 50. Kd3 Rg2 51. Kc4 Be7 52. b4 f6 53. Bd4+ Kb8 54. b5 a5 55. b6 a4 56. Kb5 a3 57. b7 Rb2+ 58. Kc6 Rxb7 59. f5 e5 60. Ba1 Rc7+ 61. Kb6 Rc1 62. Bxe5+ fxe5 63. f6 a2 64. fxe7 a1=Q 65. e8=Q+ Rc8 66. Qf7 Qd4+ 67. Kb5 Rc5+ 68. Ka6 Qa4+ 69. Kb6 Qa5# 0-1

[Event "WCCC U10 2019"]
[Site "Weifang"]
[Date "2019.09.01"]
[Round "11.2"]
[White "Wei, Jianzhou"]
[Black "Meng, Yihan"]
[Result "0-1"]
[ECO "D85"]
[WhiteElo "1656"]
[BlackElo "1793"]
[Annotator "NA RC"]
[PlyCount "104"]
[EventDate "2019.08.21"]
[EventType "swiss"]
[EventCountry "CHN"]
[SourceTitle "playchess.com"]
[Source "ChessBase"]
[SourceQuality "1"]
[TimeControl "40/5400+30:1800+30"]

1. d4 Nf6 2. c4 g6 3. Nc3 d5 4. cxd5 Nxd5 5. e4 Nxc3 6. bxc3 Bg7 7. Nf3 c5 8. Rb1 O-O 9. Be2 b6 10. O-O e6 11. Ba3 Qc7 12. Qd3 Rd8 13. Rfd1 Bb7 14. Qe3 Nd7 15. Bd3 Nf6 16. dxc5 bxc5 17. Bc2 Rxd1+ 18. Rxd1 h6 19. h3 Rc8 20. Nd2 c4 21. Nb1 a5 22. Qe2 Ne8 23. Ba4 Nf6 24. Bc2 Ne8 25. Ba4 Nf6 26. Bc2 Nd7 27. Ba4 Ne5 28. Bd6 Qb6 29. Bc2 Rd8 30. Be7 Rxd1+ 31. Qxd1 Kh7 32. Bd8 Qb2 33. a4 Nc6 34. Bc7 Bxc3 35. Bd6 Bg7 36. Ba3 Qd4 37. Qe1 c3 38. Qe2 Nb4 39. Bxb4 Qxb4 40. Qd3 Qb2 41. Qd1 f5 42. f3 Ba6 43. exf5 exf5 44. g4 Qb6+ 45. Kg2 fxg4 46. hxg4 Qe3 47. Be4 Bd4 48. Kh1 Be2 49. Qe1 Bxf3+ 50. Bxf3 Qxe1+ 51. Kg2 Qxb1 52. Be2 c2 0-1

[Event "WCCC U10 2019"]
[Site "Weifang"]
[Date "2019.09.01"]
[Round "11.3"]
[White "Bharadia Yash"]
[Black "Ilamparthi A R"]
[Result "1/2-1/2"]
[ECO "B08"]
[WhiteElo "1963"]
[BlackElo "1984"]
[Annotator "NA RC"]
[PlyCount "96"]
[EventDate "2019.08.21"]
[EventType "swiss"]
[EventCountry "CHN"]
[SourceTitle "playchess.com"]
[Source "ChessBase"]
[SourceQuality "1"]
[TimeControl "40/5400+30:1800+30"]

1. e4 d6 2. d4 Nf6 3. Nc3 g6 4. Nf3 Bg7 5. Be2 O-O 6. O-O Nbd7 7. e5 Ne8 8. Bf4 c5 9. dxc5 {[%emt 0:07:31] B08: Pirc Defence: Classical System} Nxc5 10. Qd2 Be6 (10... Bg4 11. Rad1 Ne6 12. Bh6 dxe5 13. Qxd8 Rxd8 14. Rxd8 Nxd8 15. Bxg7 Nxg7 16. Nxe5 Bxe2 17. Nxe2 {0-1 (71) Rigo,Z (2397)-Mester,G (2442) Hungary 2010}) 11. Qe3 $146 ({Predecessor:} 11. Rfd1 Qb6 12. Rab1 dxe5 13. Bxe5 Nf6 14. Bd4 Qc6 15. Qe3 Ncd7 16. Bb5 Qc8 17. Bxd7 Bxd7 18. Qxe7 {0-1 (59) Antonyan,S (1648)-Dilanyan,G (2282) Yerevan 2017}) 11... Qb6 12. Rab1 (12. Bg5 $14) 12... Rc8 13. Rfd1 dxe5 14. Bxe5 Bxe5 15. Qxe5 Nf6 16. Nd4 Rfd8 17. Bf3 Rd6 18. Nb3 Nxb3 19. axb3 Rcd8 20. Rxd6 Rxd6 21. Rd1 Rxd1+ 22. Nxd1 Qd8 23. Qe2 b6 24. Nc3 Kf8 25. Be4 Nxe4 26. Nxe4 Qd4 27. Nc3 Bf5 28. g3 Bh3 29. Qe3 Qxe3 30. fxe3 e5 31. Kf2 Bd7 32. e4 Ke7 33. Ke3 Bc6 34. b4 Ke6 35. Ne2 Kf6 36. c4 Kg5 37. b5 Bd7 38. b4 Kg4 (38... Be6 $11 39. c5 Bc4) 39. Kf2 f5 40. exf5 gxf5 41. Nc3 Kg5 42. c5 Kf6 43. Ke3 Ke6 44. Kd3 h5 45. c6 Bc8 46. Ke3 $11 Kd6 47. Kd3 Be6 48. Ke3 a6 {[%emt 0:00:07] Ke4} 1/2-1/2

[Event "WCCC U10 2019"]
[Site "Weifang"]
[Date "2019.09.01"]
[Round "11.4"]
[White "Sodbilegt, Naranbold"]
[Black "Tenuunbold, Battulga"]
[Result "0-1"]
[ECO "D46"]
[WhiteElo "1458"]
[BlackElo "1754"]
[Annotator "NA RC"]
[PlyCount "76"]
[EventDate "2019.08.21"]
[EventType "swiss"]
[EventCountry "CHN"]
[SourceTitle "playchess.com"]
[Source "ChessBase"]
[SourceQuality "1"]
[TimeControl "40/5400+30:1800+30"]

1. c4 e6 2. d4 d5 3. Nc3 c6 4. Nf3 Nf6 5. e3 Nbd7 6. Bd3 dxc4 7. Bxc4 b5 8. Bd3 Bd6 9. O-O O-O 10. Qc2 Bb7 11. b3 a6 12. e4 e5 13. dxe5 Nxe5 14. Nxe5 Bxe5 15. Bb2 Qc7 16. h3 Rfd8 17. Rfd1 c5 18. f3 c4 19. bxc4 bxc4 20. Bf1 Qb6+ 21. Kh1 Nh5 22. g4 Ng3+ 23. Kg2 Nxf1 24. Kxf1 Qf6 25. Kg2 Qf4 26. Qf2 Qh2+ 27. Kf1 Qxh3+ 28. Ke2 Bg3 29. Qg1 Bf4 30. Qf2 Rd3 31. Rxd3 cxd3+ 32. Kxd3 Rd8+ 33. Nd5 Bxd5 34. exd5 Rxd5+ 35. Ke4 Rd2 36. Qc5 Re2+ 37. Kxf4 Qh2+ 38. Kf5 g6+ 0-1

[Event "WCCC U10 2019"]
[Site "Weifang"]
[Date "2019.09.01"]
[Round "11.5"]
[White "Mamedov, Edgar"]
[Black "Efimov, Leonid"]
[Result "1-0"]
[ECO "D36"]
[WhiteElo "1714"]
[BlackElo "1773"]
[Annotator "NA RC"]
[PlyCount "113"]
[EventDate "2019.08.21"]
[EventType "swiss"]
[EventCountry "CHN"]
[SourceTitle "playchess.com"]
[Source "ChessBase"]
[SourceQuality "1"]
[TimeControl "40/5400+30:1800+30"]

1. d4 d5 2. Nf3 Nf6 3. c4 e6 4. Nc3 c6 5. cxd5 exd5 6. Qc2 g6 7. Bg5 Be7 8. e3 Bf5 9. Bd3 Bxd3 10. Qxd3 Nbd7 11. O-O O-O 12. Qc2 Re8 13. Rab1 a5 14. a3 b5 15. Ne2 Rc8 16. Nf4 Ne4 17. Bxe7 Qxe7 18. Nd3 f6 19. Rfc1 Kg7 20. Nd2 Nd6 21. Nc5 f5 22. Qc3 a4 23. Nd3 Ne4 24. Qc2 h5 25. Nxe4 fxe4 26. Nc5 Nf6 27. Rf1 Ng4 28. h3 Nh6 29. Rbe1 Nf5 30. f3 exf3 31. Rxf3 Kh7 32. Qf2 Kg8 33. Nd3 Qg5 34. Ne5 Re6 35. Nxg6 Qxg6 36. Rxf5 Kh8 37. Qf3 Qg7 38. Rxh5+ Kg8 39. Qf5 Qf6 40. Qg4+ Kf8 41. Rf5 Rce8 42. Rxf6+ Rxf6 43. Rf1 Rxf1+ 44. Kxf1 Ke7 45. Qg6 Rf8+ 46. Ke2 Rf6 47. Qg7+ Rf7 48. Qg5+ Rf6 49. h4 Kf7 50. h5 c5 51. Qxd5+ Kg7 52. dxc5 Kh6 53. Qd6 Kg5 54. Qxf6+ Kxf6 55. c6 Kg5 56. c7 Kxh5 57. c8=Q 1-0

[Event "WCCC U10 2019"]
[Site "Weifang"]
[Date "2019.09.01"]
[Round "11.7"]
[White "Lu, Miaoyi"]
[Black "Daakshin, Arun"]
[Result "1-0"]
[ECO "E62"]
[WhiteElo "1950"]
[BlackElo "1628"]
[Annotator "NA RC"]
[PlyCount "138"]
[EventDate "2019.08.21"]
[EventType "swiss"]
[EventCountry "CHN"]
[SourceTitle "playchess.com"]
[Source "ChessBase"]
[SourceQuality "1"]
[TimeControl "40/5400+30:1800+30"]

1. d4 Nf6 2. c4 g6 3. Nf3 Bg7 4. g3 d6 5. Bg2 O-O 6. Nc3 Nc6 7. O-O e5 8. dxe5 dxe5 9. Bg5 Qxd1 {[%emt 0:01:23] E62: King's Indian: Fianchetto: 6...c6 and Panno Variation (6...Nc6) without ...a6} (9... Be6 10. Qa4 Qb8 11. Bxf6 Bxf6 12. Nd2 Bg7 13. Rfd1 Rd8 14. Nb3 Nd4 15. Nc5 c6 16. e3 Bg4 17. exd4 exd4 18. N3e4 Bxd1 19. Rxd1 {1-0 (32) Carlsen,M (2835)-Firouzja,A (2607) St Petersburg 2018}) 10. Rfxd1 Ne8 11. Nd5 (11. Nd2 $14) 11... f6 ({Black should try} 11... e4 $11 12. Nd2 f5) 12. Be3 Be6 13. Rd2 $146 ({Predecessor:} 13. Ne1 Rf7 14. Nd3 Bf8 15. Rac1 Nd8 16. Bc5 Bg4 17. Rc2 {0-1 (65) Arouche,F (2081)-Horvath,M (2059) Bled 2002}) 13... Rf7 14. b3 Bf8 15. Rad1 Nd6 16. Ne1 Nf5 17. Nc2 a5 18. a4 Kg7 19. Rd3 Nxe3 20. Ndxe3 Bc5 21. Nd5 f5 22. e3 Re8 23. h4 h6 24. Kh2 g5 25. f4 Kg6 26. R3d2 Rg7 $2 {[%emt 0:01:58] [#]} (26... Bc8 $17 {keeps the pressure on.}) 27. h5+ $1 Kf7 28. Nxc7 Re7 29. Nxe6 Kxe6 30. Rd5 Ba7 31. Rd6+ Kf7 32. Bd5+ Ke8 33. Rxh6 gxf4 34. gxf4 (34. Rh8+ $142 Kd7 35. h6) 34... exf4 $2 (34... Rh7 {might work better.} 35. Rxh7 Rxh7) 35. Rh8+ Kd7 36. Bf3+ (36. h6 $142 Rg6 37. Bf7+ Rd6 38. Rxd6+ Kxd6 39. Rf8) 36... Kc7 37. exf4 Bf2 38. Rf8 Bg3+ 39. Kh1 Rgf7 (39... Bxf4 $142 40. Rxf5 Rgf7 41. Rxf7 Rxf7 42. Bxc6 bxc6) 40. Rxf7 Rxf7 41. Bxc6 bxc6 42. Nd4 Rf6 43. Ne2 Bf2 44. Kg2 Bc5 45. Ng3 Bf8 46. Kf3 Kb6 47. Re1 Bd6 48. h6 Rxh6 49. Nxf5 Rf6 50. Nxd6 Rxd6 51. Re3 Kc5 52. Kg4 Kd4 53. Re8 Kc3 54. Rb8 Rd4 55. Kg5 Rd3 56. f5 Rg3+ 57. Kh6 Rh3+ 58. Kg6 Rg3+ 59. Kf7 Kd4 60. f6 Re3 61. Kg7 Rg3+ 62. Kf8 Ke5 63. f7 (63. Ke7 $142 Rg4 64. f7 Rg7 65. Ra8 Kd4 66. Rxa5 Kc3 67. Rh5 Kb4 68. a5) 63... Kf6 64. Rb6 Re3 65. Rxc6+ Kf5 66. Rb6 Re2 67. c5 Ke5 68. Rg6 Kd5 69. Kg8 Kd4 1-0

[Event "WCCC U10 2019"]
[Site "Weifang"]
[Date "2019.09.01"]
[Round "11.8"]
[White "Wongso, Steve"]
[Black "Han, Johnathan"]
[Result "1-0"]
[ECO "B85"]
[WhiteElo "1765"]
[BlackElo "1579"]
[Annotator "NA RC"]
[PlyCount "117"]
[EventDate "2019.08.21"]
[EventType "swiss"]
[EventCountry "CHN"]
[SourceTitle "playchess.com"]
[Source "ChessBase"]
[SourceQuality "1"]
[TimeControl "40/5400+30:1800+30"]

1. e4 c5 2. Nf3 d6 3. d4 cxd4 4. Nxd4 Nf6 5. Nc3 a6 6. f4 e6 7. a4 Be7 8. Be2 Qc7 9. O-O Nc6 10. Be3 O-O 11. Kh1 Bd7 12. Nb3 b6 13. g4 Bc8 14. Bf3 Bb7 15. g5 Nd7 16. Bg2 Na5 17. Nxa5 bxa5 18. Rf3 Rab8 19. Rh3 Rfc8 20. Qg4 Nf8 21. Rf1 f5 22. exf5 exf5 23. Qxf5 Bxg2+ 24. Kxg2 Rxb2 25. Nd5 Rxc2+ 26. Rf2 Rxf2+ 27. Bxf2 Qc6 28. Rc3 Qxc3 29. Nxe7+ Kh8 30. Qxc8 Qxc8 31. Nxc8 Ne6 32. f5 Nxg5 33. Nxd6 h6 34. Bc5 Kg8 35. h4 Nh7 36. Ne4 Kf7 37. h5 Nf6 38. Ng3 Nd5 39. Bd4 Ne7 40. Kf3 Nc6 41. Bc3 Nb8 42. Bxa5 Nd7 43. Bc3 a5 44. Ne4 Nb6 45. Nc5 Nc4 46. Kf4 Kg8 47. Ke4 Nd6+ 48. Ke5 Nc4+ 49. Ke6 Kf8 50. f6 gxf6 51. Kxf6 Nd6 52. Bxa5 Nf7 53. Bb4 Kg8 54. Ne6 Nh8 55. a5 Kh7 56. a6 Kg8 57. a7 Kh7 58. a8=Q Nf7 59. Qf8 1-0

[Event "WCCC U10 2019"]
[Site "Weifang"]
[Date "2019.09.01"]
[Round "11.9"]
[White "Woodward, Andy"]
[Black "Chennareddy, Yuvraj"]
[Result "1-0"]
[ECO "D36"]
[WhiteElo "1522"]
[BlackElo "1727"]
[Annotator "NA RC"]
[PlyCount "117"]
[EventDate "2019.08.21"]
[EventType "swiss"]
[EventCountry "CHN"]
[SourceTitle "playchess.com"]
[Source "ChessBase"]
[SourceQuality "1"]
[TimeControl "40/5400+30:1800+30"]

1. d4 d5 2. c4 e6 3. Nc3 Nf6 4. cxd5 exd5 5. Bg5 c6 6. Qc2 Be7 7. e3 O-O 8. Bd3 Nbd7 9. Nge2 Re8 10. O-O Nf8 11. f3 Be6 12. Rad1 Rc8 13. h3 N6d7 14. Bxe7 Qxe7 15. e4 dxe4 16. fxe4 c5 17. d5 c4 18. dxe6 Nxe6 19. Nd5 Qc5+ 20. Kh1 Ne5 21. Bxc4 Nxc4 22. b3 Nd6 23. Qd3 Ng5 24. Rc1 Qa5 25. Ne7+ Rxe7 26. Qxd6 Ree8 27. Qd7 Rcd8 28. Qxb7 Rxe4 29. Ng3 Rb4 30. Qe7 Rb5 31. b4 Qb6 32. h4 Ne6 33. Qxf7+ Kh8 34. Rc4 Qd6 35. Nf5 Qd3 36. Rcf4 Qd7 37. Qxd7 Rxd7 38. Re4 Nf8 39. Nd4 Rb8 40. Nc6 Rc8 41. Ne5 Rb7 42. Nf7+ Kg8 43. Nd6 Rbc7 44. Nxc8 Rxc8 45. Re7 Rc4 46. Re8 Rxh4+ 47. Kg1 h5 48. Rexf8+ Kh7 49. R8f4 Rxf4 50. Rxf4 g5 51. Rf7+ Kg6 52. Rxa7 g4 53. b5 h4 54. b6 h3 55. b7 hxg2 56. b8=Q g3 57. Qe5 Kh6 58. Qxg3 Kh5 59. Rh7# 1-0

[Event "WCCC U10 2019"]
[Site "Weifang"]
[Date "2019.09.01"]
[Round "11.10"]
[White "Sodbileg, Uranjargal"]
[Black "Xie, Bryan"]
[Result "1/2-1/2"]
[ECO "A49"]
[WhiteElo "1419"]
[BlackElo "1696"]
[Annotator "NA RC"]
[PlyCount "152"]
[EventDate "2019.08.21"]
[EventType "swiss"]
[EventCountry "CHN"]
[SourceTitle "playchess.com"]
[Source "ChessBase"]
[SourceQuality "1"]
[TimeControl "40/5400+30:1800+30"]

1. e4 d6 2. d4 Nf6 3. Nc3 g6 4. g3 Bg7 5. Bg2 O-O 6. Nf3 c6 7. O-O Qc7 8. Re1 Bg4 9. h3 Bxf3 10. Qxf3 Nbd7 11. Qe2 e5 12. dxe5 dxe5 13. Be3 Rfd8 14. a4 Nf8 15. Nb1 Ne6 16. c3 Bf8 17. Qf3 Ne8 18. Nd2 Nc5 19. Reb1 Be7 20. Bf1 Ne6 21. h4 N8g7 22. Bc4 Bc5 23. Bh6 a5 24. Nf1 Bf8 25. Nh2 Qb8 26. Ng4 Nh5 27. Be3 Qc7 28. Kg2 Rab8 29. Rh1 Bg7 30. Nh6+ Bxh6 31. Bxh6 Rd6 32. Rad1 Rbd8 33. Rxd6 Rxd6 34. Rd1 Nhg7 35. Rxd6 Qxd6 36. Qe3 Qc5 37. Qd3 Qe7 38. Ba2 Nc5 39. Qc4 Nge6 40. Be3 Qd6 41. b4 Nxa4 42. bxa5 Nb2 43. Qe2 Na4 44. Qc2 Nac5 45. Bc4 Qc7 46. Qa2 Kg7 47. Bxe6 Nxe6 48. Bb6 Qd7 49. Qe2 Nc7 50. h5 Nb5 51. Qe3 h6 52. hxg6 fxg6 53. Qc5 Qd6 54. Qe3 Qd7 55. Bc5 Qd8 56. c4 Nd4 57. Qc3 Qf6 58. Bxd4 exd4 59. Qb2 Qe7 60. Qxd4+ Kg8 61. e5 Kf7 62. f4 Qe6 63. Qd3 h5 64. Qb3 Qd7 65. c5+ Kf8 66. Kf3 Qg4+ 67. Kf2 Qd7 68. Ke2 Qg4+ 69. Qf3 Qe6 70. Qd3 Qa2+ 71. Ke3 Qxa5 72. Qxg6 Qe1+ 73. Kd4 Qb4+ 74. Ke3 Qe1+ 75. Kf3 Qf1+ 76. Ke3 Qe1+ 1/2-1/2